 Dungeon Crawl Stone Soup version 0.17-a0-2208-ge5ab1d3 (webtiles) character file.

303 admarant the Covert (level 6, -1/46 HPs)
             Began as a Vampire Assassin on Oct 26, 2015.
             Was a Follower of Dithmenos.
             Slain by a worker ant (6 damage)
             ... on level 4 of the Dungeon.
             The game lasted 00:12:23 (3618 turns).

admarant the Covert (Vampire Assassin)              Turns: 3618, Time: 00:12:23

Health: -1/46      AC:  3    Str: 10    XL:     6   Next: 15%
Magic:  6/6        EV: 13    Int: 14    God:    Dithmenos [*.....]
Gold:   121        SH:  0    Dex: 17    Spells: 0 memorised, 5 levels left

rFire  . . .     SeeInvis +     a - +5 dagger (speed)
rCold  . . .     Clarity  .     c - +0 robe
rNeg   + . .     SustAt   .     (no shield)
rPois  .         Gourm    .     (no helmet)
rElec  .         Spirit   .     d - +0 cloak
rCorr  .         Warding  .     (no gloves)
rMut   .         Stasis   .     (no boots)
MR     .....                    v - amulet of faith
Stlth  ++++++....               (no ring)
                                (no ring)

@: wreathed by umbra, not resistant to hostile enchantments, very stealthy
A: fangs 3, see invisible, unbreathing
a: Bat Form, Renounce Religion


You were on level 4 of the Dungeon.
You worshipped Dithmenos.
Dithmenos was aware of your devotion.
You were not thirsty.

You visited 1 branch of the dungeon, and saw 4 of its levels.

You collected 121 gold pieces.

Inventory:

Hand Weapons
 a - a +5 dagger of speed (weapon)
 b - a +0 blowgun
 l - a +2 dagger
Missiles
 e - 30 poisoned needles
 f - 2 curare-tipped needles
Armour
 c - a +0 robe (worn)
 d - a +0 cloak (worn)
Jewellery
 i - an uncursed amulet of resist corrosion
 r - an uncursed amulet of stasis
 v - an amulet of faith (around neck)
Scrolls
 h - 2 scrolls of remove curse
 k - a scroll of fog {unknown}
 u - a scroll of random uselessness {unknown}
Potions
 g - 21 potions of blood
 j - 2 potions of curing {unknown}
 m - a potion of flight {unknown}
 n - a potion of invisibility {unknown}
 p - a potion of heal wounds {unknown}
 q - a potion of agility {unknown}
 s - a potion of might {unknown}
 t - 2 potions of magic {unknown}


   Skills:
 + Level 2.7 Fighting
 + Level 3.4 Short Blades
 + Level 1.7 Throwing
 + Level 2.9 Dodging
 + Level 9.1 Stealth


You had 5 spell levels left.
You didn't know any spells.

Dungeon Overview and Level Annotations

Branches:
Dungeon (4/15)
 Temple: D:4-7

Altars:
Dithmenos
Makhleb
Okawaru
Trog


Innate Abilities, Weirdness & Mutations

You have razor-sharp teeth.
You have supernaturally acute eyesight.
You can survive without breathing.


Message History

You closely miss the hound. Your bite misses the hound.
The hound is almost dead.
The hound skeleton bites you but does no damage.
The hound closely misses you. The hound bites you.
* * * LOW HITPOINT WARNING * * *
You barely miss the hound. You bite the hound, but do no damage.
The hound is almost dead.
The hound skeleton bites you but does no damage.
The hound barely misses you. x2
The hound closely misses you. The hound closely misses you.
The hound bites you but does no damage. The hound closely misses you.
The hound misses you. The hound closely misses you.
The hound barely misses you.
A worker ant comes into view.
The worker ant twitches its antennae in your direction.
The hound bites you.
* * * LOW HITPOINT WARNING * * *
The worker ant completely misses you. The worker ant bites you.
You die...

#..... #.....# #....#
......# #..... ......#
#....# .....# #....#
....# ###### #...#####
# #.......# #
#.####@a####.##########
#......hh..<...........
####..#.Z?.#.##########
#..##.....<...# ## #..
###......$# ##. .>.
#.......# #.. $...
##......# ##.# .....
#......###..#
#............


You could see 2 hounds, a worker ant and a hound skeleton.

Vanquished Creatures
  A scorpion (D:4)
  A hound (D:4)
  An orc priest (D:3)
  A hound skeleton (D:4)
  4 gnolls (D:3)
  5 adders
  4 worms
  3 giant geckos
  9 orcs (D:3)
  4 giant cockroaches
  6 hobgoblins
  6 jackals
  11 kobolds
  5 bats
  7 goblins
  2 quokkas (D:2)
  10 rats
80 creatures vanquished.

Notes
Turn   | Place    | Note
--------------------------------------------------------------
     0 | D:1      | admarant the Vampire Assassin began the quest for the Orb.
     0 | D:1      | Reached XP level 1. HP: 16/16 MP: 1/1
   115 | D:1      | Reached skill level 6 in Stealth
   431 | D:1      | Reached XP level 2. HP: 20/22 MP: 2/2
  1217 | D:2      | Reached skill level 7 in Stealth
  1217 | D:2      | Reached XP level 3. HP: 27/27 MP: 3/3
  1247 | D:2      | Found a burning altar of Makhleb.
  1253 | D:2      | Found an iron altar of Okawaru.
  1253 | D:2      | Found a bloodstained altar of Trog.
  1253 | D:2      | Found a shadowy altar of Dithmenos.
  1411 | D:2      | Became a worshipper of Dithmenos the Shadowed
  2043 | D:3      | Reached XP level 4. HP: 33/33 MP: 4/4
  2120 | D:3      | Reached skill level 8 in Stealth
  2802 | D:3      | Reached XP level 5. HP: 38/38 MP: 5/5
  3098 | D:3      | Reached * piety under Dithmenos
  3532 | D:4      | Reached skill level 9 in Stealth
  3532 | D:4      | Reached XP level 6. HP: 46/46 MP: 6/6
  3618 | D:4      | Slain by a worker ant

Vault maps used:
D:1:      eino_arrival_tree_alley, serial_bayou_lagoon_a, minmay_crystal_room,
          dk_noncrumbling_4
D:2:      grunt_temple_overflow_open, first_bread, minmay_misc_feat_tower

Action                   |  1- 3 |  4- 6 || total
-------------------------+-------+-------++-------
Melee: Dagger            |   111 |   149 ||   260
 Fire: Blowgun           |     2 |       ||     2
  Use: Scroll            |     5 |     2 ||     7
       Potion            |     3 |     6 ||     9
 Stab: Sleeping          |    18 |     7 ||    25
       Distracted        |       |     1 ||     1
  Eat: Corpse            |     2 |     1 ||     3
